 Dungeon Crawl Stone Soup version 0.28-a0-1510-gd0f6b136d3 (webtiles) character file.

Game seed: 13088869554560606948

114 hashsling the Skirmisher (level 5, -1/64 HPs)
             Began as a Human Wanderer on Jan 15, 2022.
             Killed from afar by a gnoll (7 damage)
             ... with a puff of flame
             ... on level 4 of the Dungeon.
             The game lasted 00:12:16 (3525 turns).

hashsling the Skirmisher (Human Wanderer)           Turns: 3525, Time: 00:12:17

Health: -1/64      AC: 25    Str: 18 (20) XL:     5   Next: 18%
Magic:  5/5        EV:  2    Int: 14 (17) God:
Gold:   136        SH:  9    Dex: 12 (14) Spells: 4/4 levels left

rFire   . . .      SeeInvis .   e - +0 dagger (freeze)
rCold   . . .      Faith    .   d - +0 buckler {AC+3}
rNeg    . . .      Spirit   .   (armour currently unavailable)
rPois   +          Reflect  +   (helmet currently unavailable)
rElec   .          Harm     .   (cloak currently unavailable)
rCorr   .          Rampage  .   (gloves currently unavailable)
Will    .....      NoTele   +   (boots currently unavailable)
Stlth   +.........              f - amulet of reflection
HPRegen 0.20/turn               o - +6 ring of strength
MPRegen 0.09/turn               n - +6 ring of intelligence

@: lit by a corona, tree-form, glowing, invisible (but backlit and visible)
A: stationary, stasis, torment immunity, boosted hp, no potion heal 1
a: no special abilities


You were on level 4 of the Dungeon.
You were a tree.
You visited 1 branch of the dungeon, and saw 4 of its levels.

You collected 136 gold pieces.

Inventory:

Hand Weapons
 e - a +0 dagger of freezing (weapon)
Missiles
 h - 77 arrows
 s - 12 poisoned darts (quivered)
Armour
 c - a +0 scale mail (melded)
 d - a +0 buckler of protection (worn)
 l - a +0 cloak (melded)
Jewellery
 f - an amulet of reflection (around neck)
 n - a +6 ring of intelligence (right branch)
 o - a +6 ring of strength (left branch)
Wands
 g - a wand of mindburst (5)
 r - a wand of acid (7)
Scrolls
 a - 3 scrolls of identify
 j - a scroll of teleportation {unknown}
 p - a scroll of holy word {unknown}
 q - a scroll of torment {unknown}
Potions
 b - 3 potions of curing
 i - a potion of degeneration


   Skills:
 + Level 4.6 Fighting
 + Level 3.0 Armour
 + Level 2.3 Dodging
 + Level 3.7 Shields


You had 4 spell levels left.
You didn't know any spells.
Your spell library contained the following spells:

 Spells                   Type           Power      Damage    Failure   Level
 Shock                    Conj/Air       0%         1d3       36%         1
 Swiftness                Air            0%         N/A       75%         3
 Airstrike                Air            0%         N/A       98%         4


Dungeon Overview and Level Annotations

Branches:
Dungeon (4/15)
 Temple: D:4-7

Altars:

Shops:
D:3 =   D:4 [


Innate Abilities, Weirdness & Mutations

You are a tree.
Your roots penetrate the ground, keeping you stationary.
You cannot be teleported.
You are immune to unholy pain and torment.
Your maximum health is greatly increased.
Your equipment is partially melded.
Potions are less effective at restoring your health.


Message History

The gnoll splashes around in the water.
It was a potion of mutation.
You feel extremely strange.
Your system partially rejects the healing effects of potions.
The gnoll zaps a wand.
The puff of flame reflects off an invisible shield around you!
The puff of flame hits the gnoll!
You block the gnoll's attack. The gnoll shaman completely misses you.
The gnoll hits you with a +0 whip.
* * * LOW HITPOINT WARNING * * *
The gnoll barely misses you.
It was a potion of lignification.
You turn into a tree.
Your +0 cloak melds into your body.
Your +0 scale mail melds into your body.
Your roots penetrate the ground.
The gnoll splashes around in the water.
The gnoll shaman hits you with a +0 club.
* * * LOW HITPOINT WARNING * * *
The gnoll hits you but does no damage.
The gnoll zaps a wand.
The puff of flame hits you but does no damage.
The gnoll hits you but does no damage.
It was a potion of invisibility.
You become transparent, but the glow from your corona prevents you from becoming completely invisible.
You block the gnoll's attack.
The gnoll splashes around in the water.
The gnoll shaman hits you but does no damage.
The gnoll hits you but does no damage. x2
Hit: e) +0 dagger (freeze)
Press: ? - help, Dir - move target, f/p - gnoll shaman
Aim: a gnoll shaman, wielding a +0 club and wearing a +0 robe (heavily wounded, about 32% to evade your +0 dagger of freezing)
You barely miss the gnoll shaman.
The gnoll shaman is heavily wounded.
The gnoll hits you from afar with a +0 spear.
* * * LOW HITPOINT WARNING * * *
The gnoll shaman calls upon its god to speed up the gnoll.
The gnoll seems to speed up.
The gnoll hits you but does no damage. You block the gnoll's attack. x2
Hit: e) +0 dagger (freeze)
Press: ? - help, Dir - move target, f/p - gnoll shaman
Aim: a gnoll shaman, wielding a +0 club and wearing a +0 robe (heavily wounded, about 32% to evade your +0 dagger of freezing)
You hit the gnoll shaman but do no damage.
The gnoll shaman is heavily wounded.
The gnoll zaps a wand.
The puff of flame hits you!
You die...

#......# ##≈≈≈≈≈...#..'....
#......# #≈≈≈≈≈...#..#....
#......# ##≈≈≈≈...#..#....
#..gg..# ##≈≈≈≈≈..#'###...
###g#### ##.≈≈≈≈≈###..##.).
#....# #...≈≈≈≈#.....#...
#....# #...≈≈≈≈#.....#...
#..g.# #gg.≈≈≈≈#.....#...
#.)..# #♣gg≈≈≈≈#....##...
######'########g≈≈≈≈##...##...
#.......gg....g≈≈≈Z≈#######...
#..............g≈≈≈...........
#..............≈≈≈≈......##...
#.............≈≈≈≈≈......##...
...............≈≈≈≈≈##....##...
##############.≈≈≈≈.##....##...
#≈≈≈≈≈.#..........


You could see a gnoll shaman, 4 gnolls and a hound skeleton.

Vanquished Creatures
  A bullfrog skeleton (D:4)
  2 adders
  An adder skeleton (D:4)
  A worm (D:2)
  A dart slug (D:2)
  5 orcs (D:3)
  7 ball pythons
  5 endoplasms
  5 giant cockroaches
  2 goblins
  3 hobgoblins
  2 jackals (D:2)
  2 kobolds
  A quokka (D:1)
  2 bats
  3 frilled lizards (D:1)
  12 rats
55 creatures vanquished.

Vanquished Creatures (others)
  9 plants (D:1)
9 creatures vanquished.

Grand Total: 64 creatures vanquished

Notes
Turn   | Place    | Note
-------+----------+-------------------------------------------
     0 | D:1      | hashsling the Human Wanderer began the quest for the Orb.
     0 | D:1      | hashsling set off with the following items: a +0 dagger, a
                  | potion of curing, a +0 scale mail, a +0 buckler of
                  | protection
     0 | D:1      | Reached XP level 1. HP: 19/19 MP: 1/1
   239 | D:1      | Reached XP level 2. HP: 25/25 MP: 2/2
   633 | D:1      | Reached XP level 3. HP: 30/30 MP: 3/3
   878 | D:1      | Found a faded altar of an unknown god.
  2121 | D:3      | Reached XP level 4. HP: 15/38 MP: 4/4
  2500 | D:3      | Found Jetzeal's Jewellery Shoppe.
  3065 | D:4      | Found Rucut's Armour Shop.
  3230 | D:4      | Reached XP level 5. HP: 40/43 MP: 5/5
  3521 | D:4      | Gained mutation: Potions are less effective at restoring
                  | your health. [potion of mutation]
  3525 | D:4      | Killed from afar by a gnoll

Illustrated notes

Levels and vault maps discovered:
D:1:      dpeg_arrival_tiny_a, layout_loops_ring, serial_bayou,
          serial_bayou_lagoon_b, serial_bayou_shore_a, serial_bayou_pond_b,
          serial_bayou_ford_a, shapermc_ecumenical_altar_mp_urbaneastern,
          minmay_rat_gold_closets
D:2:      layout_basic
D:3:      layout_loops_ring, serial_shops, nicolae_shop_advertising_works
          [nicolae_subvault_shop_adworks]
D:4:      wander_river, layout_gridville, nemelex_dance_club_becter,
          serial_shops, shop

Skill      XL: |  1  2  3  4  5 |
---------------+----------------+-----
Dodging        | 2 |  2.3
Armour         | 3 |  3.0
Fighting       | |  4.6
Shields        | |  3.7

Action                   |  1- 3 |  4- 6 || total
-------------------------+-------+-------++-------
Melee: Dagger            |   195 |   128 ||   323
  Use: Scroll            |     3 |       ||     3
       Potion            |       |     6 ||     6
Armor: Scale mail        |    88 |    62 ||   150
       Skin              |       |     7 ||     7
Dodge: Dodged            |    57 |    66 ||   123
Block: Buckler           |    44 |    50 ||    94
       Reflection        |       |     2 ||     2

Table legend: (Time is in decaauts)
 A = Elapsed time spent in this place.
 B = Non-inter-level travel time spent in this place.
 C = Inter-level travel time spent in this place.
 D = Time resting spent in this place.
 E = Time spent auto-exploring this place.
 F = Levels seen in this place.
 G = Mean time per level.
                   A        B        C        D        E       F      G
               +--------+--------+--------+--------+--------+-----+--------+
         Total |   3601 |   3528 |     73 |      0 |   2826 |   4 |  900.2 |
       Dungeon |   3601 |   3528 |     73 |      0 |   2826 |   4 |  900.2 |
               +--------+--------+--------+--------+--------+-----+--------+

Top non-repeatable levels by time:
     D:1: 1292 daAuts
     D:3: 982 daAuts
     D:2: 848 daAuts
     D:4: 477 daAuts
